Map: 死亡光环-天梯版

Players

IIIIIIIIIIII - Winner!

  • Race: Zerg Zerg

骄阳想要沧海客

  • Race: Protoss Protoss
  • League: Master

VOD

Have the link to the VOD?

Description

Time

  • Played on: Oct. 7, 2020, 1:25 a.m.
  • Length: 17:38
Show
View Real Time Build Order
Export as new Build Order

IIIIIIIIIIII Zerg - Winner!

Build Orders: Hatch First 

Get SALT Encoding   

  12  0:00  Drone  
  13  0:12  Overlord  
  13  0:17  Drone  
  14  0:32  Drone x2  
  16  0:47  Hatchery  
  15  0:52  Drone  
  15  0:56  Drone  
  17  0:58  Drone  
  18  1:10  Extractor  
  17  1:15  Spawning Pool  
  17  1:18  Drone  
  17  1:21  Drone  
  18  1:27  Drone  
  19  1:38  Drone  
  20  1:52  Overlord  
  20  2:01  Queen x2  
  20  2:03  Zergling x4  
  26  2:09  Drone  
  26  2:10  Drone  
  26  2:15  Metabolic Boost  
  28  2:20  Drone  
  28  2:22  Drone  
  30  2:32  Drone  
  31  2:43  Hatchery  
  30  2:47  Drone x2  
  30  2:50  Drone  
  33  2:54  Drone x2  
  35  3:03  Overlord  
  35  3:04  Overlord  
  35  3:17  Drone  
  36  3:20  Queen  
  36  3:21  Drone x5  
  36  3:22  Drone  
  36  3:24  Drone  
  45  3:32  Spore Crawler  
  45  3:34  Spore Crawler  
  43  3:36  Spore Crawler  
  43  3:37  Drone x2  
  43  3:40  Pneumatized Carapace  
  44  3:44  Zergling x6  
  44  3:45  Overlord  
  44  3:47  Overlord  
  47  3:50  Drone x2  
  47  3:54  Drone  
  50  3:56  Extractor  
  50  3:57  Extractor  
  50  4:01  Queen  
  50  4:04  Drone x3  
  50  4:09  Drone x2  
  55  4:15  Drone x5  
  60  4:29  Spore Crawler  
  59  4:32  Drone x6  
  63  4:40  Drone x2  
  63  4:41  Lair  
  63  4:45  Baneling Nest  
  63  4:48  Zergling x12  
  71  5:00  Drone x4, Spore Crawler  
  71  5:02  Drone x3  
  73  5:11  Evolution Chamber  
  73  5:13  Drone  
  73  5:14  Overlord x3  
  73  5:19  Extractor x2  
  73  5:20  Extractor  
  70  5:34  Drone x3  
  70  5:35  Drone x3  
  76  5:49  Zerg Melee Weapons Level 1  
  76  5:50  Drone  
  76  5:51  Spire  
  76  5:52  Drone  
  76  5:53  Drone  
  76  5:55  Zergling x16  
  86  6:03  Drone x2  
  88  6:05  Drone  
  88  6:07  Overlord x4  
  89  6:13  Hatchery  
  88  6:19  Queen  
  90  6:29  Drone x4  
  90  6:31  Drone x3  
  90  6:32  Drone x3  
  100  6:33  Drone x2  
  100  6:34  Overlord x2  
  102  6:41  Extractor  
  102  6:42  Drone  
  102  6:44  Overlord, Extractor  
  101  7:22  Mutalisk x12  
  113  7:32  Mutalisk x5  
  98  7:44  Mutalisk  
  98  7:50  Zergling x8  
  76  8:06  Mutalisk x2  
  63  8:19  Mutalisk x2  
  58  8:27  Drone x2  
  60  8:39  Drone  
  61  8:45  Drone  
  61  8:47  Hatchery  
  61  8:48  Spore Crawler  
  61  8:53  Queen  
  62  8:55  Hatchery  
  61  9:05  Mutalisk x3  
  65  9:11  Zerg Melee Weapons Level 2  
  65  9:15  Zergling x6  
  66  9:35  Drone x4  
  70  9:49  Mutalisk x3  
  76  9:55  Infestation Pit  
  76  9:58  Drone  
  76  10:01  Queen  
  76  10:04  Zergling x4  
  80  10:14  Drone x4  
  80  10:20  Zergling x4  
  86  10:27  Spine Crawler x2  
  84  10:28  Spine Crawler  
  83  10:42  Pathogen Glands  
  83  10:43  Overlord  
  83  10:44  Overlord  
  83  10:46  Drone x4  
  87  11:05  Spore Crawler  
  87  11:10  Infestor x4  
  85  11:41  Infestor x5  
  91  11:56  Spine Crawler  
  88  12:09  Mutalisk  
  88  12:10  Spore Crawler  
  88  12:27  Drone x3  
  86  12:35  Nydus Network  
  76  12:41  Spine Crawler  
  75  13:26  Mutalisk x2  
  73  14:33  Spine Crawler  
  73  14:35  Spine Crawler  
  71  15:18  Hatchery  
  70  15:42  Spine Crawler  
  69  15:44  Spine Crawler  
  69  15:45  Spine Crawler  
  67  16:00  Spine Crawler  
  67  16:02  Spine Crawler  
  65  16:19  Spine Crawler  
  64  17:19  Hatchery  
Show
View Real Time Build Order
Export as new Build Order

骄阳想要沧海客 Protoss 

Build Orders: 1 Gate Expand, Oracle Opening 

Get SALT Encoding   

  12  0:00  Probe  
  13  0:12  Probe  
  14  0:17  Pylon  
  14  0:24  Probe (Chrono Boost)  
  15  0:36  Probe (Chrono Boost)  
  15  0:38  Gateway  
  16  0:45  Probe (Chrono Boost)  
  16  0:47  Assimilator  
  17  0:51  Probe  
  18  1:03  Probe  
  19  1:15  Probe  
  20  1:27  Nexus  
  20  1:35  Cybernetics Core  
  20  1:38  Probe  
  21  1:46  Assimilator  
  21  1:52  Pylon  
  21  1:57  Probe  
  22  2:09  Probe, Adept (Chrono Boost)  
  25  2:19  Stargate  
  25  2:21  Probe  
  26  2:29  Warp Gate  
  26  2:36  Adept (Chrono Boost)  
  26  2:39  Probe  
  29  2:46  Probe  
  30  3:00  Oracle (Chrono Boost), Probe  
  30  3:01  Probe  
  35  3:09  Adept  
  35  3:12  Probe  
  38  3:14  Probe  
  38  3:15  Gateway  
  39  3:20  Pylon  
  39  3:24  Probe (Chrono Boost)  
  41  3:31  Probe (Chrono Boost)  
  41  3:33  Oracle  
  45  3:35  Probe (Chrono Boost)  
  45  3:40  Probe x2 (Chrono Boost)  
  46  3:47  Assimilator  
  47  3:49  Assimilator  
  47  3:52  Probe (Chrono Boost)  
  47  3:53  Robotics Facility  
  48  3:55  Pylon  
  48  4:01  Probe (Chrono Boost)  
  49  4:04  Probe (Chrono Boost)  
  51  4:12  Probe (Chrono Boost)  
  51  4:13  Probe (Chrono Boost)  
  52  4:17  Adept  
  52  4:18  Probe, Adept  
  52  4:21  Probe  
  58  4:31  Probe  
  59  4:34  Nexus  
  58  4:48  Probe  
  58  4:50  Probe  
  60  5:00  Pylon  
  60  5:04  Pylon, Sentry  
  60  5:06  Pylon  
  62  5:18  Immortal (Chrono Boost)  
  62  5:20  Pylon  
  62  5:21  Pylon  
  66  5:29  Probe  
  66  5:30  Sentry x2  
  71  5:36  Gateway x2  
  71  5:39  Gateway  
  71  5:40  Gateway  
  71  5:42  Gateway  
  71  5:45  Gateway  
  71  5:47  Probe  
  72  5:54  Warp Prism (Chrono Boost)  
  74  6:00  Probe  
  75  6:04  Sentry x2  
  75  6:06  Probe  
  80  6:23  Immortal (Chrono Boost)  
  80  6:30  Pylon  
  84  6:38  Stalker x5  
  84  6:39  Stalker x2  
  98  7:01  Stalker x5  
  98  7:02  Stalker  
  107  7:28  Zealot x8  
  106  7:49  Sentry x4  
  106  7:50  Sentry x4  
  106  8:17  Stalker x3  
  106  8:18  Stalker x5  
  114  8:24  Shield Battery  
  92  8:36  Probe  
  92  8:39  Shield Battery  
  81  8:43  Pylon  
  81  8:48  Shield Battery  
  81  8:50  Probe  
  81  8:52  Phoenix (Chrono Boost)  
  84  8:58  Stargate  
  84  8:59  Pylon  
  84  9:00  Shield Battery, Stalker x3  
  84  9:01  Stalker  
  90  9:14  Phoenix  
  92  9:17  Shield Battery, Stalker x2  
  90  9:40  Phoenix (Chrono Boost)  
  93  9:50  Phoenix (Chrono Boost)  
  93  9:56  Phoenix (Chrono Boost)  
  95  10:07  Probe x2  
  95  10:09  Phoenix (Chrono Boost)  
  95  10:11  Pylon  
  95  10:12  Pylon  
  99  10:15  Assimilator  
  99  10:20  Phoenix (Chrono Boost)  
  101  10:24  Assimilator, Probe  
  102  10:32  Zealot  
  102  10:33  Zealot  
  104  10:38  Phoenix (Chrono Boost)  
  104  10:40  Phoenix (Chrono Boost)  
  106  10:46  Probe  
  106  10:47  Zealot x3  
  113  10:58  Phoenix  
  115  11:16  Zealot x7  
  115  11:39  Adept x4  
  121  11:50  Adept x2  
  125  11:58  Probe (Chrono Boost)  
  128  12:03  Probe (Chrono Boost)  
  128  12:04  Probe (Chrono Boost)  
  124  12:33  Phoenix x2  
  122  12:55  Twilight Council  
  107  13:10  Pylon  
  66  13:24  Stalker x2  
  64  13:45  Templar Archives  
  62  13:57  Probe  
  61  14:22  High Templar  
  61  14:23  High Templar x3  
  69  14:25  High Templar  
  69  14:27  Archon x2  
  68  14:52  Templar Archives  
  68  14:58  Assimilator  
  69  15:02  Probe (Chrono Boost)  
  65  15:07  Stalker  
  55  15:31  High Templar  
  51  15:57  Nexus  
  47  16:16  Assimilator  
  39  16:54  Stalker  
Tags
 
Add a new tag
Caveats
  • Supply blocks, unpowered buildings, or Contaminate may cause inaccurate times.
  • Supply counts are checked every 10 seconds.